 Dungeon Crawl Stone Soup version 0.19-a0-1508-g2ac1aae (webtiles) character file.

263 Swayfe the Digger (level 6, 0/32 HPs)
             Began as a Gargoyle Earth Elementalist on Sept 11, 2016.
             Slain by an iron imp (1 damage)
             ... summoned by Eustachio
             ... on level 4 of the Dungeon.
             The game lasted 00:08:45 (2843 turns).

Swayfe the Digger (Gargoyle Earth Elementalist)     Turns: 2843, Time: 00:08:46

Health: 0/32       AC:  7    Str: 11    XL:     6   Next: 19%
Magic:  6/12       EV: 12    Int: 18    God:
Gold:   153        SH:  0    Dex: 10    Spells: 3 memorised, 4 levels left

rFire  . . .     SeeInvis +     h - +3 dagger (venom)
rCold  + . .     Gourm    .     c - +1 robe
rNeg   + . .     Faith    .     (no shield)
rPois  ∞         Spirit   .     (no helmet)
rElec  +         Dismiss  .     (no cloak)
rCorr  .         Reflect  .     (no gloves)
MR     .....     Harm     .     (no boots)
Stlth  ++........               (no amulet)
                                t - ring of protection from cold
                                i - ring of see invisible

@: no status effects
A: claws 1, negative energy resistance 1, electricity resistance, unbreathing,
petrification resistance, rot immunity, AC +4
a: no special abilities


You were on level 4 of the Dungeon.
You were not hungry.

You visited 1 branch of the dungeon, and saw 4 of its levels.

You collected 153 gold pieces.

Inventory:

Hand Weapons
 h - a +3 dagger of venom (weapon)
 r - a +0 club
 x - a +2 dagger of venom
Missiles
 b - 70 stones (quivered)
Armour
 c - a +1 robe (worn)
Jewellery
 i - a ring of see invisible (left claw)
 t - a ring of protection from cold (right claw)
Wands
 s - a wand of slowing (29/48)
 y - a wand of paralysis (24/24)
Scrolls
 a - 2 scrolls of teleportation
 k - a scroll of identify
 l - 3 scrolls of remove curse
 u - 2 scrolls of fear
Potions
 f - a potion of cancellation
Books
 e - a book of Geomancy

   Spells                             Type                      Level
   a - Sandblast                      Earth                        1
   b - Passwall                       Transmutation/Earth          2
   c - Stone Arrow                    Conjuration/Earth            3
   d - Petrify                        Transmutation/Earth          4
   e - Lee's Rapid Deconstruction     Earth                        5
Comestibles
 d - 2 bread rations
 g - a chunk of flesh
 j - a slice of pizza
 m - a beef jerky
 q - 2 meat rations


   Skills:
 - Level 1.5 Dodging
 - Level 2.1 Stealth
 * Level 4.3 Spellcasting
 + Level 2.4 Conjurations
   Level 0.7 Transmutations
 + Level 5.3 Earth Magic


You had 4 spell levels left.
You knew the following spells:

 Your Spells              Type           Power        Failure   Level  Hunger
a - Sandblast             Erth           ###...       1%          1    None
b - Stone Arrow           Conj/Erth      ###...       12%         3    ###....
c - Lee's Rapid Deconstr  Erth           ###.......   54%         5    ######.


Dungeon Overview and Level Annotations

Branches:
Dungeon (4/15)
 Temple: D:4-7

Altars:
Hepliaklqana
Trog
Xom

Annotations:
D:4 Eustachio


Innate Abilities, Weirdness & Mutations

You are resistant to torment.
Your stone body is resilient. (AC +4)
You are immune to poison.
You resist negative energy. (rN+)
You are resistant to electric shocks. (rElec)
You can survive without breathing.
You are immune to petrification.
You are immune to rotting.
You have sharp fingernails.


Message History

Eustachio casts a spell.
Eustachio blinks!
The iron imp hits you. The shadow imp hits you.
* * * LOW HITPOINT WARNING * * *
The shadow imp hits you.
* * * LOW HITPOINT WARNING * * *
The iron imp barely misses you.
The shadow imp lashes its tail.
The shadow imp gestures at you. Pain shoots through your body!
* * * LOW HITPOINT WARNING * * *
Casting: Stone Arrow
Confirm with . or Enter, or press ? or * to list all spells.
Aiming: Stone Arrow
Press: ? - help, Shift-Dir - straight line, f/p - Eustachio
Aim: Eustachio, wielding a falchion and wearing a leather armour (severely wounded, poisoned)
The stone arrow hits Eustachio.
Eustachio is almost dead.
The shadow imp disappears in a puff of smoke!
The iron imp hits you.
You die...

#..<...#..# .
#......'..#
#####......#######
.>...............#
.................#
.................#
..........>.....@#
.................#####
################@5...#
#5§...# #.....#
#(....# ..##....# ...
....+ #... ...# #...
...# ##+## ..#


You could see Eustachio, an iron imp and a shadow imp.

Vanquished Creatures
  2 eyes of draining (D:3)
  2 adders (D:3)
  A dart slug (D:3)
  A giant gecko (D:3)
  3 ball pythons
  10 bats
  5 giant cockroaches
  7 goblins
  8 hobgoblins
  7 jackals
  3 quokkas
  3 giant newts
  5 kobolds
  5 rats
62 creatures vanquished.

Notes
Turn   | Place    | Note
-------+----------+-------------------------------------------
     0 | D:1      | Swayfe the Gargoyle Earth Elementalist began the quest for the Orb.
     0 | D:1      | Reached XP level 1. HP: 10/10 MP: 3/3
   376 | D:1      | Reached XP level 2. HP: 15/15 MP: 5/5
   581 | D:1      | Reached skill level 4 in Earth Magic
   966 | D:2      | Found a hazy altar of Hepliaklqana.
   992 | D:2      | Reached XP level 3. HP: 17/19 MP: 7/7
   997 | D:2      | Learned a level 3 spell: Stone Arrow
  1499 | D:2      | Found a shimmering altar of Xom.
  1649 | D:3      | Gained mutation: You have sharp fingernails. [potion of beneficial mutation]
  1973 | D:3      | Noticed an eye of draining
  1980 | D:3      | Reached XP level 4. HP: 20/24 MP: 5/8
  2005 | D:3      | Noticed an eye of draining
  2054 | D:3      | Killed an eye of draining
  2054 | D:3      | Reached skill level 1 in Conjurations
  2054 | D:3      | Reached skill level 5 in Earth Magic
  2054 | D:3      | Reached XP level 5. HP: 28/28 MP: 0/10
  2059 | D:3      | Found a bloodstained altar of Trog.
  2070 | D:3      | Killed an eye of draining
  2070 | D:3      | Reached XP level 6. HP: 32/32 MP: 1/12
  2784 | D:3      | Learned a level 5 spell: Lee's Rapid Deconstruction
  2827 | D:4      | Noticed Eustachio
  2842 | D:4      | HP: 1/32 [shadow imp/nerve-wracking pain[Eustachio] (5)]
  2843 | D:4      | Slain by an iron imp

Vault maps used:
D:1:      tarquinn_simple_flora_water_a
D:2:      overflow_temple_1_default, lemuel_round_altar
D:3:      trog_eyes_of_draining
D:4:      first_bread, minmay_misc_feat_rows, uniq_eustachio

Skill      XL: |  1  2  3  4  5 |
---------------+----------------+-----
Earth Magic    | 4 5 |  5.3
Spellcasting   | 3 4 |  4.3
Conjurations   | 1 2 |  2.4
Dodging        | |  1.5
Stealth        | |  2.1
Transmutations | |  0.7

Action                   |  1- 3 |  4- 6 || total
-------------------------+-------+-------++-------
Melee: Dagger            |    95 |    63 ||   158
 Cast: Sandblast         |     2 |     5 ||     7
       Stone Arrow       |     1 |     2 ||     3
Evoke: Wand              |     1 |       ||     1
  Use: Scroll            |    10 |       ||    10
       Potion            |     1 |       ||     1
 Stab: Sleeping          |    10 |       ||    10
  Eat: Chunk             |     3 |     3 ||     6
Armor: Robe              |    36 |    20 ||    56
Dodge: Dodged            |    52 |    42 ||    94
